 Dungeon Crawl Stone Soup version 0.22.1-1-ga44c0e56f4 (webtiles) character file.

424 Jukra the Cutter (level 7, -4/46 HPs)
             Began as a Halfling Abyssal Knight on Sept 23, 2018.
             Was a Believer of Lugonu.
             Killed from afar by an orc wizard (5 damage)
             ... with a magic dart
             ... on level 4 of the Dungeon.
             The game lasted 00:15:26 (3876 turns).

Jukra the Cutter (Halfling Abyssal Knight)          Turns: 3876, Time: 00:15:27

Health: -4/46      AC: 11    Str: 15    XL:     7   Next: 17%
Magic:  8/8        EV: 10    Int: 10    God:    Lugonu [**....]
Gold:   158        SH:  0    Dex: 14    Spells: 6/6 levels left

rFire    + . .     SeeInvis .   a - +1 short sword
rCold    x . .     Gourm    .   (shield restricted)
rNeg     . . .     Faith    .   o - +0 chain mail
rPois    .         Spirit   .   m - +0 helmet
rElec    .         Reflect  .   y - +0 cloak
rCorr    .         Harm     .   (no gloves)
MR       .....                  (no boots)
Stlth    ..........             q - amulet of regeneration
HPRegen  0.55/turn              b - ring of fire
MPRegen  0.11/turn              (no ring)

@: no status effects
A: small, mutation resistance 1
a: Depart the Abyss, Bend Space, Renounce Religion


You were on level 4 of the Dungeon.
You worshipped Lugonu.
Lugonu was pleased with you.
You were hungry.

You visited 1 branch of the dungeon, and saw 4 of its levels.
You visited the Abyss 1 time.

You collected 158 gold pieces.

Inventory:

Hand Weapons
 a - a +1 short sword (weapon)
Missiles
 f - 129 stones (quivered)
Armour
 m - a +0 helmet (worn)
 o - a +0 chain mail (worn)
 y - a +0 cloak (worn)
Jewellery
 b - a ring of fire (left hand)
 q - an amulet of regeneration (around neck)
Wands
 s - a wand of polymorph (10)
Scrolls
 d - 2 scrolls of amnesia
 g - a scroll of random uselessness {unknown}
 p - a scroll of magic mapping
 t - a scroll of noise {unknown}
 u - 3 scrolls of enchant armour {unknown}
 v - 2 scrolls of identify
 w - 3 scrolls of fog {unknown}
Potions
 e - 2 potions of curing
 h - a potion of might {unknown}
 i - a potion of degeneration {unknown}
 j - 2 potions of lignification {unknown}
 k - a potion of heal wounds {unknown}
 l - a potion of cancellation {unknown}
 n - a potion of ambrosia {unknown}
 r - a potion of haste {unknown}
 x - a potion of agility {unknown}
Comestibles
 c - 8 rations


   Skills:
 + Level 3.6 Fighting
 + Level 5.5 Short Blades
 * Level 2.4 Throwing
 + Level 3.5 Armour
 * Level 3.0 Dodging
 + Level 0.2 Stealth
 + Level 2.2 Invocations


You had 6 spell levels left.
You didn't know any spells.
Your spell library was empty.

Dungeon Overview and Level Annotations

Branches:
Dungeon (4/15)
 Temple: D:4-7

Altars:
Gozag
Okawaru

Annotations:
D:4 Sigmund


Innate Abilities, Weirdness & Mutations

You are small and have problems with some larger weapons.
You are somewhat resistant to further mutation.


Message History

Something hits you but does no damage. Something hits you!
* * * LOW HITPOINT WARNING * * *
The orc barely misses you. x2
You closely miss the orc.
The orc is severely wounded.
Sigmund appears from thin air!
Reactivating autopickup.
Something hits you but does no damage.
Deactivating autopickup; reactivate with Ctrl-A.
The orc hits you but does no damage. Something hits you but does no damage.
The orc hits you with a club.
* * * LOW HITPOINT WARNING * * *
Sigmund hits you but does no damage.
You don't have enough health at the moment.
Your chain mail prevents you from hitting the orc.
The orc is severely wounded.
You hear some strange, mumbled words.
A magic dart appears from out of thin air!
The magic dart hits you!
You die...

#.....## #.
####...#######.
##.......##. #
#........... ##.
#....#####.. #...
##...## ##. .....
##...## #.
#...#####....# #.
#...o@o@....## ##.
#....o{)...[# #..
#......o.....##
##.. .............#
##...
...####.....^#
####.... .#
#........###.......
#...#.........###..
...##.......### ##.
#......### #.


You could see Sigmund and 4 orcs.

Vanquished Creatures
  2 hounds
  2 orc wizards
  A centaur skeleton (D:4)
  An orc priest (D:3)
  An iguana (D:4)
  Natasha (thrice) (D:3)
  2 worker ants
  3 adders
  2 worms
  2 dart slugs (D:1)
  A leopard gecko (D:3)
  8 orcs
  4 giant cockroaches
  7 goblins
  8 hobgoblins
  A quokka (D:3)
  A ball python (D:2)
  4 bats
  3 frilled lizards
  6 kobolds
  4 rats
66 creatures vanquished.

Notes
Turn   | Place    | Note
-------+----------+-------------------------------------------
     0 | Abyss:1  | Jukra the Halfling Abyssal Knight began the quest for the
                  | Orb.
     0 | Abyss:1  | Reached XP level 1. HP: 15/15 MP: 2/2
     0 | D:1      | Escaped the Abyss
   289 | D:1      | Reached XP level 2. HP: 17/20 MP: 3/3
   550 | D:1      | Reached * piety under Lugonu
   757 | D:1      | Reached XP level 3. HP: 24/26 MP: 4/4
   919 | D:1      | Reached skill level 1 in Throwing
  1104 | D:2      | Found an iron altar of Okawaru.
  1268 | D:2      | Reached skill level 3 in Short Blades
  1268 | D:2      | Reached XP level 4. HP: 21/31 MP: 5/5
  1991 | D:3      | Found an opulent altar of Gozag.
  2277 | D:3      | Reached XP level 5. HP: 36/36 MP: 6/6
  2304 | D:3      | Reached skill level 4 in Short Blades
  2752 | D:3      | Reached XP level 6. HP: 42/42 MP: 7/7
  2753 | D:3      | Reached ** piety under Lugonu
  2856 | D:3      | Noticed Natasha
  2869 | D:3      | Killed Natasha
  2929 | D:3      | Noticed Natasha
  2942 | D:3      | Killed Natasha
  2942 | D:3      | Reached skill level 5 in Short Blades
  3274 | D:3      | Noticed Natasha
  3286 | D:3      | Killed Natasha
  3557 | D:4      | Reached XP level 7. HP: 37/46 MP: 8/8
  3835 | D:4      | Noticed Sigmund
  3875 | D:4      | HP: 1/46 [orc/club (3)]
  3876 | D:4      | Killed from afar by an orc wizard

Skill      XL: |  1  2  3  4  5  6  7 |
---------------+----------------------+-----
Fighting       | 3 |  3.6
Throwing       | 1 2 |  2.4
Short Blades   | 3 4 5 |  5.5
Dodging        | 2 3 |  3.0
Armour         | 3 |  3.5
Stealth        | |  0.2
Invocations    | |  2.2

Action                   |  1- 3 |  4- 6 |  7- 9 || total
-------------------------+-------+-------+-------++-------
Melee: Short sword       |    99 |   290 |    32 ||   421
Throw: Stone             |    10 |    26 |     4 ||    40
Invok: Depart the Abyss  |     1 |       |       ||     1
       Bend Space        |       |       |     1 ||     1
  Use: Scroll            |       |     5 |       ||     5
  Eat: Chunk             |       |     5 |     1 ||     6
       Ration            |       |     1 |       ||     1
Armor: Leather armour    |     6 |       |       ||     6
       Chain mail        |    21 |   138 |    23 ||   182
Dodge: Dodged            |    50 |   112 |    13 ||   175
